AoeStats
← JabberWocky

Arabia

510230517Analyzed
4v4 RM · 3d ago on Sep 30, 2026· 47m 29s· 8 players
Game mode
Random Map
Map size
Large (8 player)
Population
200
Speed
Normal
Resources
Standard
Victory
Conquest
Starting age
Dark Age
Ending age
Imperial Age
RankedLock teamsTeams togetherTeam positionsShared explorationLock speedFull tech treeHidden civsTurbo modeCheats
Victory
Defeat
🇻🇪 Malay · Venezuela
744
+12
🇩🇴 Vikings · Dominican Republic
686
+14
🇻🇪 Wu · Venezuela
642
+16
🇺🇸 Burmese · United States
616
+17
🇵🇪 Romans · Peru
718
-19
🇧🇷 Wu · Brazil
663
-15
🇧🇷 Franks · Brazil
597
-23
🇨🇱 Vikings · Chile
577
-12
Nothing happened, go cry!
0:41 Loom
14:34 Feudal Age
15:45 Double-Bit Axe
16:41 Man-at-Arms
17:07 Arson
22:06 Castle Age
20:14 Horse Collar
20:52 Stone Mining
21:29 Gold Mining
23:37 Long Swordsman
24:25 Town Watch
26:09 Squires
33:32 Gold Shaft Mining
32:47 Crossbowman
33:20 Fletching
33:41 Forging
33:32 Scale Mail Armor
35:23 Pikeman
38:43 Bow Saw
39:17 Heavy Plow
41:20 Fervor
41:24 Chieftains
45:08 Imperial Age
43:47 Chain Mail Armor
44:08 Iron Casting
43:43 Bodkin Arrow
44:31 Town Patrol
45:48 Scale Barding Armor
45:43 Padded Archer Armor
45:16 Two-Handed Swordsman
45:43 Elite Varangian Guard
47:27 Light Cavalry
isthisthingon
10:26 Feudal Age
11:12 Horse Collar
22:53 Castle Age
21:42 Gold Mining
24:42 Heavy Plow
25:48 Bloodlines
29:34 Wheelbarrow
32:07 Husbandry
33:34 Fortified Wall
33:38 Forging
33:19 Fletching
37:28 Imperial Age
35:45 Manipur Cavalry
41:39 Conscription
42:30 Chemistry
41:28 Town Watch
41:53 Scale Barding Armor
47:40 Gold Shaft Mining
TheGems
7:16 Loom
11:52 Feudal Age
12:28 Horse Collar
12:39 Double-Bit Axe
15:51 Wheelbarrow
21:34 Padded Archer Armor
21:26 Fletching
25:25 Castle Age
23:57 Stone Mining
23:59 Gold Mining
27:21 Bodkin Arrow
27:42 Leather Archer Armor
27:29 Heavy Plow
27:43 Bow Saw
29:12 Gold Shaft Mining
29:13 Stone Shaft Mining
32:34 Hand Cart
39:59 Ballistics
42:49 Imperial Age
42:53 Elite Fire Archer
48:44 Chemistry
JabberWocky
0:31 Loom
12:33 Feudal Age
12:08 Double-Bit Axe
12:11 Horse Collar
17:51 Wheelbarrow
17:02 Town Watch
21:17 Castle Age
21:14 Bow Saw
21:06 Heavy Plow
21:29 Hand Cart
24:24 Stone Mining
24:24 Gold Mining
27:04 Stone Shaft Mining
27:51 Gold Shaft Mining
37:34 Imperial Age
35:17 Forging
35:12 Scale Barding Armor
35:38 Man-at-Arms
35:38 Pikeman
36:19 Squires
36:04 Arson
36:56 Iron Casting
38:50 Blast Furnace
38:13 Conscription
38:25 Forced Levy
37:49 Long Swordsman
39:06 Murder Holes
39:22 Masonry
38:53 Treadmill Crane
38:46 Two-Handed Swordsman
38:46 Halberdier
40:23 Crop Rotation
40:42 Ballistics
43:20 Chemistry
42:41 Elite Karambit Warrior
rodrigooboeponce
0:38 Loom
13:14 Feudal Age
14:16 Double-Bit Axe
14:12 Horse Collar
14:30 Gold Mining
19:42 Stone Mining
21:54 Man-at-Arms
GEDIAN
0:29 Loom
13:33 Feudal Age
14:01 Horse Collar
16:08 Stone Mining
16:34 Scale Barding Armor
22:34 Castle Age
20:54 Double-Bit Axe
22:37 Scale Mail Armor
23:26 Heavy Plow
23:39 Man-at-Arms
24:23 Long Swordsman
25:54 Fortified Wall
27:28 Gold Mining
28:16 Wheelbarrow
34:44 Imperial Age
31:55 Pikeman
34:30 Squires
34:49 Murder Holes
36:41 Conscription
35:44 Heavy Scorpion
36:54 Hand Cart
39:20 Crop Rotation
39:28 Gold Shaft Mining
39:31 Fletching
40:55 Chain Mail Armor
41:21 Bodkin Arrow
41:10 Capped Ram
43:09 Ballistas
44:30 Forging
46:06 Iron Casting
46:17 Bow Saw
45:43 Legionary
Aphixen
9:35 Loom
11:41 Feudal Age
12:21 Double-Bit Axe
22:19 Castle Age
20:57 Wheelbarrow
20:08 Town Watch
24:07 Bow Saw
24:34 Hand Cart
25:11 Forging
25:02 Scale Mail Armor
25:07 Scale Barding Armor
24:52 Fletching
25:03 Padded Archer Armor
26:25 Stone Mining
26:28 Gold Mining
27:31 Arson
27:47 Squires
27:33 Gambesons
27:10 Pikeman
27:10 Man-at-Arms
42:24 Gold Shaft Mining
44:27 Town Patrol
evairdaniel
4:58 Loom
13:10 Feudal Age
13:36 Horse Collar
13:44 Double-Bit Axe
13:54 Gold Mining
13:54 Stone Mining
24:01 Castle Age
24:44 Forging
24:35 Scale Mail Armor
24:40 Scale Barding Armor
24:36 Padded Archer Armor
24:26 Fletching
27:03 Stone Shaft Mining
28:20 Gold Shaft Mining
30:15 Wheelbarrow
39:00 Iron Casting
38:20 Bodkin Arrow
38:41 Leather Archer Armor
38:41 Chain Mail Armor
43:35 Imperial Age
41:58 Red Cliffs Tactics
42:45 Hand Cart
43:09 Bow Saw
44:43 Husbandry
44:06 Heavy Hei Guang Cavalry
45:53 Blast Furnace
44:54 Bracer
45:10 Chain Mail Armor
45:15 Chain Barding Armor
Connection lost

Rejoining the realm…

Still unreachable

The connection could not be restored.

Session expired

The server has moved on; the page needs a fresh start.